 Dungeon Crawl Stone Soup version 0.26-a0-64-g059e62fbdb (webtiles) character file.

Game seed: 5378517740960394088

86 Ozzies the Sneak (level 4, -1/23 HPs)
             Began as a Spriggan Assassin on June 10, 2020.
             Slain by a gnoll
             ... wielding a cursed -2 spear
              (6 damage)
             ... on level 2 of the Dungeon.
             The game lasted 00:04:16 (2137 turns).

Ozzies the Sneak (Spriggan Assassin)                Turns: 2137, Time: 00:04:17

Health: -1/23      AC:  3    Str:  7    XL:     4   Next: 26%
Magic:  5/5        EV: 19    Int: 12    God:
Gold:   57         SH:  0    Dex: 18    Spells: 3/3 levels left

rFire    . . .     SeeInvis +   a - +2 dagger
rCold    . . .     Gourm    .   (shield restricted)
rNeg     . . .     Faith    .   b - +0 robe
rPois    .         Spirit   .   (helmet restricted)
rElec    .         Reflect  .   c - +0 cloak
rCorr    .         Harm     .   (gloves unavailable)
MR       .....                  (boots unavailable)
Stlth    ++++......             (no amulet)
HPRegen  0.07/turn              (no ring)
MPRegen  0.09/turn              (no ring)

@: very quick
A: very small, unfitting armour, see invisible, herbivore, speed 3, slow
metabolism 2
a: no special abilities


You were on level 2 of the Dungeon.
You were not hungry.

You visited 1 branch of the dungeon, and saw 2 of its levels.

You collected 57 gold pieces.

Inventory:

Hand Weapons
 a - a +2 dagger (weapon)
Missiles
 d - 8 poisoned darts (quivered)
 e - 2 curare-tipped darts
Armour
 b - a +0 robe (worn)
 c - a +0 cloak (worn)
Scrolls
 h - 2 scrolls of fear {unknown}
 i - a scroll of immolation {unknown}
 j - a scroll of remove curse {unknown}
 l - a scroll of blinking {unknown}
 m - 2 scrolls of identify {unknown}
Comestibles
 f - a ration


   Skills:
 + Level 2.2 Fighting
 + Level 3.0 Short Blades
 - Level 2.0 Throwing
 + Level 3.5 Dodging
 + Level 6.7 Stealth


You had 3 spell levels left.
You didn't know any spells.
Your spell library contained the following spells:

 Spells                   Type           Power        Failure   Level  Hunger
 Beastly Appendage        Tmut           #.....       32%         1    ##.....
 Sticks to Snakes         Tmut           #.......     45%         2    ###....
 Spider Form              Tmut/Pois      #.........   69%         3    ####...
 Ice Form                 Ice/Tmut       #.......     97%         4    #####..
 Blade Hands              Tmut           #.........   100%        5    ######.


Dungeon Overview and Level Annotations

Branches:
Dungeon (2/15)

Altars:


Innate Abilities, Weirdness & Mutations

You are very small and have problems with some larger weapons.
You are too small for most types of armour.
You have supernaturally acute eyesight. (SInv)
You are a herbivore.
You cover ground extremely quickly.
You need to consume almost no food.


Message History

You closely miss the gnoll.
The gnoll is heavily wounded.
The gnoll misses you. The gnoll completely misses you.
You hit the gnoll.
The gnoll is severely wounded.
The gnoll closely misses you.
You hit the gnoll.
The gnoll is almost dead.
The gnoll completely misses you.
You hit the gnoll.
You kill the gnoll!
The gnoll closely misses you.
The gnoll hits you with a cursed -2 spear.
* * * LOW HITPOINT WARNING * * *
Things that are here:
a cursed +0 hand axe; 12 gold pieces You hit the gnoll but do no damage.
The gnoll misses you.
You barely miss the gnoll.
The gnoll hits you with a cursed -2 spear.
You die...

#..# ##.## ##.#.# #..#
####.## ###.### #..#
#...## #.....# #<.#
##'## #.....# #.#
#.....# #.# #.....#
##.### #.....#
######....##########.##
.........ggg@........#
#........############
#.......## #.......#
#.......# #.......#
#.......# #.......#
######)##


You could see 3 gnolls.

Vanquished Creatures
  3 adders (D:2)
  A gnoll (D:2)
  A dart slug (D:1)
  3 giant cockroaches
  10 goblins
  8 hobgoblins
  2 jackals (D:1)
  4 bats
  3 frilled lizards
  2 kobolds
  9 rats
46 creatures vanquished.

Notes
Turn   | Place    | Note
-------+----------+-------------------------------------------
     0 | D:1      | Ozzies the Spriggan Assassin began the quest for the Orb.
     0 | D:1      | Reached XP level 1. HP: 10/10 MP: 2/2
    24 | D:1      | Reached skill level 6 in Stealth
    88 | D:1      | Reached XP level 2. HP: 13/15 MP: 3/3
   492 | D:1      | Reached XP level 3. HP: 11/18 MP: 4/4
  1878 | D:2      | Reached XP level 4. HP: 3/23 MP: 5/5
  2137 | D:2      | Slain by a gnoll

Illustrated notes

Levels and vault maps discovered:
D:1:      sevenhm_arrival_forest_fort_large_4, layout_basic
D:2:      layout_loops_corners, tgw_trog

Skill      XL: |  1  2  3 |
---------------+----------+-----
Dodging        | 2 3 |  3.5
Stealth        | 6 |  6.7
Fighting       | 2 |  2.2
Short Blades   | 3 |  3.0
Throwing       | |  2.0

Action                   |  1- 3 |  4- 6 || total
-------------------------+-------+-------++-------
Melee: Dagger            |   129 |    13 ||   142
  Use: Potion            |     3 |       ||     3
 Stab: Sleeping          |    13 |       ||    13
       Distracted        |     2 |       ||     2
Armor: Robe              |    13 |     1 ||    14
       Skin              |     2 |       ||     2
Dodge: Dodged            |    95 |    12 ||   107

Table legend:
 A = Non-vault XP
 B = Vault XP
 C = Vault XP percentage of total XP
 D = Non-vault monster count
 E = Vault monster count
 F = Vault count percentage of total count
                 A         B        C        D         E       F
            +---------+---------+-------+---------+---------+-------
      Total |     123 |       0 |   0.0 |      46 |       0 |   0.0
            +---------+---------+-------+---------+---------+-------
        D:1 |      49 |       0 |   0.0 |      29 |       0 |   0.0
        D:2 |      74 |       0 |   0.0 |      17 |       0 |   0.0
            +---------+---------+-------+---------+---------+-------
